 Dungeon Crawl Stone Soup version 0.29.1-12-g30fa7ad0bf (webtiles) character file.

Game seed: 8437688484898586462

437 hawla the Firebug (level 7, 0/51 HPs)
             Began as a Meteoran Fire Elementalist on Jan 2, 2023.
             Was an Initiate of Vehumet.
             Slain by an orc warrior
             ... wielding a +0 broad axe
              (20 damage)
             ... on level 5 of the Dungeon.
             The game lasted 00:04:57 (1623 turns).

hawla the Firebug (Meteoran Fire Elementalist)      Turns: 1623, Time: 00:04:59

Health: 0/51       AC:  5    Str:  8    XL:     7   Next: 45%
Magic:  2/15       EV: 13    Int: 18    God:    Vehumet [......]
Gold:   169        SH:  0    Dex: 14    Spells: 8/15 levels left

rFire   + . .      SeeInvis .   k - +1 rapier "Laplema" {freeze, rF+ rC+ Str-3 Stlth+}
rCold   + . .      Faith    .   (no shield)
rNeg    . . .      Spirit   .   a - +0 robe
rPois   .          Reflect  .   (no helmet)
rElec   .          Harm     .   e - +0 cloak
rCorr   .          Rampage  .   (no gloves)
Will    .....                   j - +1 pair of boots
Stlth   +.........              (no amulet)
HPRegen 0.17/turn               (no ring)
MPRegen 0.14/turn               (no ring)

@: glowing
A: sense surroundings 1, otherworldly, glowing, explore regen
a: Renounce Religion


You were on level 5 of the Dungeon.
You worshipped Vehumet.
Vehumet was noncommittal.
You visited 1 branch of the dungeon, and saw 5 of its levels.

You collected 169 gold pieces.

Inventory:

Hand Weapons
 k - the +1 rapier "Laplema" (weapon) {freeze, rF+ rC+ Str-3 Stlth+}
   (You found it on level 5 of the Dungeon)

   It freezes those it strikes, dealing additional cold damage.
   It can also slow down cold-blooded creatures.
   Str:       It affects your strength (-3).
   rF:        It protects you from fire.
   rC:        It protects you from cold.
   Stlth:     It makes you more stealthy.
Armour
 a - a +0 robe (worn)
 e - a +0 cloak (worn)
 j - a +1 pair of boots (worn)
Jewellery
 m - a ring of see invisible
Scrolls
 c - 2 scrolls of teleportation
 d - 2 scrolls of poison
 f - a scroll of summoning
 g - a scroll of identify
Potions
 b - 2 potions of magic
 h - a potion of curing
 i - a potion of might {unknown}
 l - a potion of degeneration {unknown}


   Skills:
 + Level 0.8 Fighting
 + Level 3.1 Dodging
 - Level 1.4 Stealth
 + Level 4.8 Spellcasting
 + Level 5.0 Conjurations
 + Level 6.0 Fire Magic


You had 8 spell levels left.
You knew the following spells:

 Your Spells              Type           Power      Damage    Failure   Level
a - Foxfire               Conj/Fire      96%        2x1d8     1%          1
b - Scorch                Fire           50%        2d7       1%          2
c - Flame Wave            Conj/Fire      24%        2d8       14%         4

Your spell library contained the following spells:

 Spells                   Type           Power      Damage    Failure   Level
 Conjure Flame            Conj/Fire      24%        6-21      4%          3
 Inner Flame              Hex/Fire       15%        N/A       12%         3


Dungeon Overview and Level Annotations

Branches:
Dungeon (5/15) Zot: 1376
 Temple: D:4-7

Altars:
Dithmenos
Nemelex Xobeh
Vehumet


Innate Abilities, Weirdness & Mutations

You passively map a small area around you.
You are easily found by Zot.
You glow in the dark.
You regain HP and MP as you explore.


Message History

You kill the orc!
Vehumet accepts your kill.
The flame wave engulfs the orc wizard.
The orc wizard is moderately wounded.
You finish channelling waves of flame.
You hear a shout!
Casting: Flame Wave (quite dangerous; 14% risk of failure)
Confirm with . or Enter, or press ? or * to list all spells.
Flames lash the orc wizard.
The orc wizard is almost dead.
The orc wizard's fire resistance burns away.
An orc warrior comes into view. It is wielding a +0 broad axe.
Casting: Scorch (safe; 1% risk of failure)
Confirm with . or Enter, or press ? or * to list all spells.
Flames lash the orc wizard.
The orc wizard is burned terribly!
You kill the orc wizard!
Vehumet accepts your kill.
Your Fire Magic skill increases to level 6!
Unknown command.
Casting: Scorch (safe; 1% risk of failure)
Confirm with . or Enter, or press ? or * to list all spells.
You conjure some foxfire!
Casting: Foxfire (safe; 1% risk of failure)
Confirm with . or Enter, or press ? or * to list all spells.
You conjure some foxfire!
The foxfire hits the orc warrior.
The orc warrior is lightly wounded.
An orc comes into view. It is wielding a +0 club.
The foxfire hits the orc warrior but does no damage.
The orc warrior is lightly wounded.
Your foxfire dissipates!
An orc comes into view. It is wielding a +0 club.
The orc warrior hits you with a +0 broad axe!!
Your foxfire dissipates!
Casting: Foxfire (safe; 1% risk of failure)
Confirm with . or Enter, or press ? or * to list all spells.
Flames lash the orc warrior.
The orc warrior is lightly wounded.
The orc warrior's fire resistance burns away.
The orc warrior hits you with a +0 broad axe!!
You die...

..#, , * , * .)# #
* , ..# * #.# * *
#.# #.#. #.# * , *
#..o# ..# ,
(...### * ###,
*.###.o..#####..
..#,
......o†.......
#.# ######@#* #.#
, , #.§..§.# , #.#
** #.###### #.# *
* #.# * #.#,, ,#.#
* #.#########.# ,
, ........#...# *
#.#####.#.#######
*
#.#.....#.......##
*


You could see an orc warrior (combustible) and 2 orcs.

Vanquished Creatures
  Sigmund (D:3)
  Menkaure (D:4)
  Jessica (D:2)
  Natasha (twice) (D:2)
  An orc wizard (D:5)
  3 adders
  An orc (D:5)
  3 ball pythons
  An endoplasm (D:2)
  2 giant cockroaches
  2 goblins
  A hobgoblin (D:1)
  3 jackals (D:5)
  5 quokkas
  A bat (D:2)
  A frilled lizard (D:2)
  5 kobolds
  2 rats
36 creatures vanquished.

Vanquished Creatures (collateral kills)
  A foxfire (D:4)
1 creature vanquished.

Vanquished Creatures (others)
  64 foxfires
  A plant (D:2)
65 creatures vanquished.

Grand Total: 102 creatures vanquished

Notes
Turn   | Place    | Note
-------+----------+-------------------------------------------
     0 | D:1      | hawla the Meteoran Fire Elementalist began the quest for
                  | the Orb.
     0 | D:1      | Reached XP level 1. HP: 14/14 MP: 5/5
    77 | D:1      | Reached skill level 4 in Fire Magic
    77 | D:1      | Reached XP level 2. HP: 11/20 MP: 3/6
    91 | D:2      | Noticed Jessica
    98 | D:2      | Killed Jessica
    99 | D:2      | Reached XP level 3. HP: 23/26 MP: 1/8
   102 | D:2      | Learned a level 2 spell: Scorch
   150 | D:2      | Reached XP level 4. HP: 30/33 MP: 3/9
   163 | D:2      | Learned a level 4 spell: Flame Wave
   198 | D:2      | Noticed Natasha
   201 | D:2      | Killed Natasha
   219 | D:2      | Noticed Natasha
   224 | D:2      | Killed Natasha
   225 | D:2      | Reached XP level 5. HP: 35/38 MP: 2/10
   696 | D:3      | Found a shadowy altar of Dithmenos.
   930 | D:3      | Noticed Sigmund
   936 | D:3      | Killed Sigmund
   937 | D:3      | Reached skill level 5 in Fire Magic
   937 | D:3      | Reached XP level 6. HP: 46/46 MP: 3/12
  1181 | D:4      | Found a radiant altar of Vehumet.
  1189 | D:4      | Became a worshipper of Vehumet
  1306 | D:4      | Found a sparkling altar of Nemelex Xobeh.
  1447 | D:4      | Noticed Menkaure
  1452 | D:4      | Killed Menkaure
  1453 | D:4      | Reached skill level 5 in Conjurations
  1453 | D:4      | Reached XP level 7. HP: 51/51 MP: 8/15
  1490 | D:5      | Entered Level 5 of the Dungeon
  1492 | D:5      | Identified the +1 rapier "Laplema" {freeze, rF+ rC+ Str-3
                  | Stlth+}
  1619 | D:5      | Reached skill level 6 in Fire Magic
  1623 | D:5      | Slain by an orc warrior

Illustrated notes

Levels and vault maps discovered:
D:1:      ebering_hopf_link, layout_basic, serial_shops,
          nicolae_shop_advertising_works [nicolae_subvault_shop_adworks],
          nicolae_shop_temple_entry_statues_fountains, nicolae_shop_statue_plus,
          shop
D:2:      layout_rooms, dreamdust_ecumenical_altar_hidden_monk_grotto,
          st_stairs_8, minmay_hedge_maze, uniq_robin, uniq_jessica,
          uniq_natasha, uniq_terence
D:3:      layout_basic, mainiacjoe_overflow_concentric_impassable, uniq_sigmund
D:4:      layout_loops_ring, nemelex_spade_bored_becter,
          nicolae_uskayaw_dance_hall, mainiacjoe_overflow_six_doors_small,
          chequers_decorated_corner, kennysheep_pointless_box,
          serial_park_tiny_2, minmay_a_box_with_orc_wizards_in_it, uniq_menkaure
D:5:      layout_basic, minmay_misc_feat_enclosed, grunt_ministairs_5,
          kennysheep_generic_room_10, uniq_grinder

Skill      XL: |  1  2  3  4  5  6  7 |
---------------+----------------------+-----
Fire Magic     | 4 5 6 |  6.0
Spellcasting   | 3 4 |  4.8
Conjurations   | 3 4 5 |  5.0
Dodging        | 3 |  3.1
Fighting       | |  0.8
Stealth        | |  1.4

Action                   |  1- 3 |  4- 6 |  7- 9 || total
-------------------------+-------+-------+-------++-------
Melee: Unarmed           |     8 |     1 |       ||     9
       Rapier            |       |       |     7 ||     7
 Cast: Foxfire           |    18 |    20 |     2 ||    40
       Scorch            |     2 |    14 |     3 ||    19
       Flame Wave        |       |       |     1 ||     1
  Use: Scroll            |     1 |     5 |       ||     6
Armor: Robe              |     2 |     2 |     6 ||    10
Dodge: Dodged            |     6 |     3 |     8 ||    17
